 Dungeon Crawl Stone Soup version 0.29.1-15-g9cfb28693d (webtiles) character file.

Game seed: 1123401496296654147

6259 WimpyRanger the Spear-Bearer (level 10, -19/71 HPs)
             Began as a Merfolk Chaos Knight on Mar 10, 2023.
             Was a Plaything of Xom.
             Demolished by a catoblepas (39 damage)
             ... on level 9 of the Dungeon.
             The game lasted 00:32:24 (9987 turns).

WimpyRanger the Spear-Bearer (Merfolk Chaos Knight) Turns: 9987, Time: 00:32:24

Health: -19/71     AC:  8    Str: 17      XL:     10   Next: 93%
Magic:  22/22      EV: 16    Int: 17 (18) God:    Xom [......]
Gold:   679        SH: 16    Dex: 21      Spells: 12/13 levels left

rFire   . . .      SeeInvis +   a - +0 spear (chaos)
rCold   . . .      Faith    .   k - +0 tower shield
rNeg    . . .      Spirit   .   F - +4 robe of Augmentation {Str+4 Int+4 Dex+4}
rPois   .          Reflect  .   (no helmet)
rElec   .          Harm     .   s - +0 cloak
rCorr   .          Rampage  .   (no gloves)
Will    +....                   e - +0 pair of boots
Stlth   ++........              j - amulet of regeneration
HPRegen 1.01/turn               u - ring of willpower
MPRegen 0.18/turn               I - ring of Xom's Favour {Wiz MP+9 Int+2 SInv}

@: studying Staves
A: (nimble swimmer 2), mertail, mutation resistance 1, passive freeze
a: Renounce Religion


You were on level 9 of the Dungeon.
You worshipped Xom.
You were a very special plaything of Xom.
You visited 2 branches of the dungeon, and saw 11 of its levels.
You also visited: Sewer.

You collected 718 gold pieces.
You spent 39 gold pieces at shops.

Inventory:

Hand Weapons
 a - a +0 spear of chaos (weapon)
 i - a +4 quarterstaff of chaos
 o - a +0 spear
 p - a +0 dagger of venom
 D - a +0 trident
 H - a +1 quarterstaff of speed
 L - a +0 flail of draining
Missiles
 U - 3 silver boomerangs (quivered)
Armour
 b - a +2 leather armour
 e - a +0 pair of boots (worn)
 f - a +0 chain mail
 g - the +1 ring mail of the Cuttlefish {rF- rC+ Will- Int+8}
   (Xom gifted it to you on level 5 of the Dungeon)

   Int:       It affects your intelligence (+8).
   rF:        It makes you vulnerable to fire.
   rC:        It protects you from cold.
   Will:      It decreases your willpower.
 k - a +0 tower shield (worn)
 s - a +0 cloak (worn)
 B - the +2 robe "Guerph" {Str+5}
   (You found it on level 5 of the Dungeon)

   Str:       It affects your strength (+5).
 F - the +4 robe of Augmentation (worn) {Str+4 Int+4 Dex+4}
   (You found it on level 7 of the Dungeon)

   Str:       It affects your strength (+4).
   Int:       It affects your intelligence (+4).
   Dex:       It affects your dexterity (+4).
Magical Staves
 t - a staff of air
Jewellery
 j - an amulet of regeneration (around neck)
 u - a ring of willpower (left hand)
 A - a ring of magical power
 I - the ring of Xom's Favour (right hand) {Wiz MP+9 Int+2 SInv}
   (Xom gifted it to you on level 7 of the Dungeon)

   [ring of wizardry]

   It improves your spell success rate.
   Int:       It affects your intelligence (+2).
   MP:        It affects your magic capacity (+9).
   SInv:      It lets you see invisible.
 O - a ring of ice
Wands
 y - a wand of iceblast (11)
 G - a wand of quicksilver (6)
 P - a wand of charming (6)
Scrolls
 h - 2 scrolls of blinking {unknown}
 m - 2 scrolls of enchant armour {unknown}
 q - 3 scrolls of teleportation
 r - 9 scrolls of identify
 v - 3 scrolls of noise {unknown}
 x - a scroll of enchant weapon {unknown}
 J - a scroll of brand weapon {unknown}
 K - 2 scrolls of poison {unknown}
 M - 2 scrolls of fog {unknown}
 N - a scroll of vulnerability {unknown}
 R - a scroll of amnesia {unknown}
 T - a scroll of silence {unknown}
Potions
 d - 6 potions of curing
 l - 2 potions of attraction
 n - 3 potions of mutation
 w - a potion of magic {unknown}
 z - a potion of heal wounds
 C - a potion of degeneration {unknown}
 E - a potion of lignification {unknown}
 S - a potion of experience {unknown}
Miscellaneous
 c - a piece from Xom's chessboard (14/15)
 Q - a phial of floods


   Skills:
 - Level 4.0 Fighting
 + Level 13.8 Polearms
 - Level 3.0 Armour
 + Level 10.6 Dodging
 - Level 1.0 Stealth
 - Level 7.1 Shields
 - Level 2.0 Spellcasting
 + Level 2.0 Necromancy
 + Level 1.9 Evocations


You had 12 spell levels left.
You knew the following spells:

 Your Spells              Type           Power      Damage    Failure   Level
a - Necrotise             Necr           32%        1d5       26%         1

Your spell library contained the following spells:

 Spells                   Type           Power      Damage    Failure   Level
 Sublimation of Blood     Necr           8%         N/A       38%         2
 Slow                     Hex            4%         N/A       52%         1
 Vampiric Draining        Necr           8%         2d6       61%         3
 Ensorcelled Hibernation  Hex/Ice        2%         N/A       65%         2
 Passwall                 Tmut/Erth      0%         N/A       65%         2
 Wereblood                Tmut           1%         N/A       65%         2
 Confusing Touch          Hex            1%         N/A       86%         3
 Swiftness                Air            1%         N/A       86%         3
 Petrify                  Tmut/Erth      1%         N/A       99%         4
 Agony                    Necr           8%         N/A       99%         5
 Irradiate                Conj/Tmut      0%         3d11      100%        5
 Summon Hydra             Summ           0%         N/A       100%        7


Dungeon Overview and Level Annotations

Branches:
Dungeon (10/15)            Temple (0/1) D:5            Lair (0/5) D:8
    Orc (1/2) D:9           Sewer (visited)

Altars:
Elyvilon
Gozag
Qazlal
Xom
Zin

Shops:
D:3 *

Annotations:
D:8 3 runed translucent doors, AverageBear's ghost, novice DsFi


Innate Abilities, Weirdness & Mutations

((You are very nimble when in or above water. (Stealth+, EV+, Speed+++)))
Your lower body shifts to a powerful aquatic tail in water.
You are somewhat resistant to further mutation.
A frigid envelope surrounds you and freezes all who hurt you.


Message History

You hit the catoblepas but do no damage.
The catoblepas is lightly wounded.
The catoblepas blinks!
You hit the catoblepas but do no damage.
The catoblepas is lightly wounded.
The catoblepas completely misses you.
You completely miss the catoblepas.
The catoblepas is lightly wounded.
You block the catoblepas's attack.
You completely miss the catoblepas.
The catoblepas is lightly wounded.
You block the catoblepas's attack.
You hit the catoblepas but do no damage.
The catoblepas looks even sicker.
The catoblepas is lightly wounded.
The catoblepas gores you!
The catoblepas is very cold.
The catoblepas is lightly wounded.
You block the catoblepas's attack.
You hit the catoblepas but do no damage.
The catoblepas is lightly wounded.
The catoblepas gores you!!!
Ouch! That really hurt!
* * * LOW HITPOINT WARNING * * *
The catoblepas is very cold.
The catoblepas is lightly wounded.
Okay, then.
Unknown command.
Unknown command.
Unknown command.
Unknown command.
As you read the scroll labelled OCKOAH COOCKU, it crumbles to dust.
It is a scroll of identify.
Really abort (and waste the scroll)? [Y]es or [N]o only, please.
Really abort (and waste the scroll)?
Okay, then.
The catoblepas gores you!!!
Ouch! That really hurt!
You die...
Xom bursts into laughter!

########..##.#.#####
..............)))..#
#######.######.#############
...........................##
######.#######.###########..##
.#####.# #...# ###.....#
.##....# ###.#####...#####
.##.#### ####.Y.).[[.###
....########....@##[>).#
......>........#>.####)#
..#.......#######.# #.##
...........# #.# #..#
........##.# #.# ##.#
#.##.......# #.# #.##
..####.##.#######.# #..#
#.......##.~~8~~..## ##.#
#####.#.##..~~~....## #)#


You could see a catoblepas (berserk, very poisoned).

Vanquished Creatures
  A two-headed ogre (D:9)
  A fire crab (shapeshifter) (D:7)
  A troll (D:9)
  A hornet (D:9)
  A hornet (shapeshifter) (D:7)
  2 wyverns
  Menkaure (D:5)
  2 water moccasins
  7 orc warriors
  2 black bears
  2 sky beasts
  An ice beast (D:8)
  An ogre (D:9)
  A centaur (D:8)
  A kobold brigand (D:7)
  4 bullfrogs
  3 scorpions
  3 wights (D:6)
  21 killer bees
  A howler monkey (D:8)
  An electric eel (D:8)
  4 jellies
  3 hounds
  4 orc priests
  Crazy Yiuf (D:4)
  Ijyb (D:5)
  4 iguanas
  8 orc wizards
  A gnoll (D:2)
  5 adders
  A river rat (D:4)
  3 white imps (D:6)
  An ufetubus (D:7)
  A worm (D:2)
  35 orcs
  2 endoplasms (D:4)
  12 giant cockroaches
  6 hobgoblins
  4 jackals (D:1)
  12 kobolds
  8 quokkas
  2 training dummies (D:7)
  6 ball pythons
  5 bats
  A frilled lizard (D:2)
  5 goblins
  5 rats
198 creatures vanquished.

Vanquished Creatures (collateral kills)
  An orc priest (D:5)
  An orc (D:5)
  2 kobolds (D:9)
4 creatures vanquished.

Vanquished Creatures (others)
  A kobold brigand (D:9)
  An orc wizard (D:6)
  A kobold (D:9)
  An orc zombie (D:4)
4 creatures vanquished.

Grand Total: 206 creatures vanquished

Notes
Turn   | Place    | Note
-------+----------+-------------------------------------------
     0 | D:1      | WimpyRanger the Merfolk Chaos Knight began the quest for
                  | the Orb.
     0 | D:1      | Reached XP level 1. HP: 18/18 MP: 1/1
    97 | D:1      | Found a faded altar of an unknown god.
   213 | D:1      | Reached XP level 2. HP: 22/24 MP: 2/2
   481 | D:1      | XOM: silly message
   518 | D:1      | XOM: silly message
   857 | D:2      | Reached XP level 3. HP: 30/30 MP: 3/3
  1497 | D:2      | XOM: silly message
  1661 | D:2      | Reached skill level 5 in Polearms
  1673 | D:2      | Reached XP level 4. HP: 33/37 MP: 4/4
  1676 | D:2      | Reached skill level 1 in Armour
  1937 | D:3      | Reached skill level 1 in Shields
  2216 | D:3      | Found Xoyreh's General Store.
  2245 | D:3      | Bought a scroll of teleportation for 39 gold pieces
  2332 | D:3      | XOM: 5-stop teleportation journey
  2812 | D:4      | XOM: polymorph orc -> river rat
  2820 | D:4      | XOM: smoke on damage
  2838 | D:4      | Reached XP level 5. HP: 37/42 MP: 5/5
  2870 | D:4      | XOM: god gift: 7 gold pieces
  3109 | D:4      | Found a runed translucent door.
  3110 | D:4      | Noticed Crazy Yiuf
  3116 | D:4      | Gained mutation: You are somewhat resistant to further
                  | mutation. [potion of mutation]
  3116 | D:4      | Gained mutation: A frigid envelope surrounds you and
                  | freezes all who hurt you. [potion of mutation]
  3122 | D:4      | Killed Crazy Yiuf
  3446 | D:5      | Entered Level 5 of the Dungeon
  3447 | D:5      | Found a staircase to the Ecumenical Temple.
  3487 | D:5      | XOM: divination: magic mapping
  3494 | D:5      | Reached skill level 6 in Polearms
  3494 | D:5      | Reached XP level 6. HP: 48/48 MP: 6/6
  3498 | D:5      | Noticed Ijyb
  3506 | D:5      | Noticed Menkaure
  3509 | D:5      | Killed Ijyb
  3512 | D:5      | XOM: butterfly on damage
  3530 | D:5      | XOM: potion effect (brilliance)
  3535 | D:5      | XOM: polymorph worm -> jelly
  3542 | D:5      | Found a glowing drain.
  3546 | Sewer    | Entered a sewer
  3679 | Sewer    | Noticed a water moccasin
  3680 | Sewer    | XOM: cast spell 'Death Channel'
  3692 | Sewer    | XOM: enchant monster (bad)
  3698 | Sewer    | Killed a water moccasin
  3699 | Sewer    | Reached skill level 1 in Stealth
  3699 | Sewer    | Reached XP level 7. HP: 36/54 MP: 7/7
  3989 | D:5      | XOM: confusion (+ monsters)
  4002 | D:5      | Killed Menkaure
  4003 | D:5      | Reached skill level 7 in Polearms
  4171 | D:5      | XOM: silly message
  4254 | D:5      | XOM: god gift: transparent ring mail {god gift}
  4254 | D:5      | Identified the +1 ring mail of the Cuttlefish {rF- rC+
                  | Will- Int+8} (Xom gifted it to you on level 5 of the
                  | Dungeon)
  4453 | D:5      | XOM: confuse monster(s)
  4491 | D:5      | XOM: cast spell 'Summon Cactus Giant'
  4715 | D:5      | Identified the +2 robe "Guerph" {Str+5}
  4722 | D:5      | XOM: enchant monster (good)
  5482 | D:6      | Reached skill level 8 in Polearms
  5598 | D:6      | Found a glowing silver altar of Zin.
  5598 | D:6      | Found a stormy altar of Qazlal.
  5818 | D:6      | XOM: enchant monster (good)
  5825 | D:6      | Reached XP level 8. HP: 48/60 MP: 8/8
  5852 | D:6      | XOM: confusion (+ monsters)
  6037 | D:6      | Found an opulent altar of Gozag.
  6106 | D:6      | Reached skill level 9 in Polearms
  6585 | D:6      | Reached skill level 5 in Dodging
  6669 | D:7      | Reached skill level 10 in Polearms
  6697 | D:7      | Found a shimmering altar of Xom.
  6742 | D:7      | Reached skill level 5 in Shields
  6786 | D:7      | Reached XP level 9. HP: 52/65 MP: 9/9
  6847 | D:7      | XOM: confuse monster(s)
  6861 | D:7      | Reached skill level 11 in Polearms
  6918 | D:7      | Found the +4 robe of Augmentation {Str+4 Int+4 Dex+4}
  7128 | D:7      | Found a white marble altar of Elyvilon.
  7225 | D:7      | Noticed Joseph
  7235 | D:7      | Joseph changed into Joseph the shapeshifter
  7235 | D:7      | XOM: polymorph Joseph -> Joseph the shapeshifter
  7237 | D:7      | Noticed Joseph
  7237 | D:7      | Joseph the shapeshifter changed into Joseph the fire crab
  7242 | D:7      | Killed Joseph the fire crab
  7243 | D:7      | Reached skill level 12 in Polearms
  7283 | D:8      | XOM: 1-stop teleportation journey
  7317 | D:7      | XOM: scenery: create altars
  7323 | D:7      | XOM: scenery: create altars
  7333 | D:7      | Identified the ring of Xom's Favour {Wiz MP+9 Int+2 SInv}
                  | (Xom gifted it to you on level 7 of the Dungeon)
  7333 | D:7      | XOM: god gift: ring of Xom's Favour {Wiz MP+9 Int+2 SInv}
  7339 | D:7      | Noticed a hornet
  7339 | D:7      | a blink frog changed into a hornet
  7348 | D:7      | Killed a hornet
  7516 | D:7      | XOM: silly message
  7639 | D:8      | XOM: divination: magic mapping
  7718 | D:8      | XOM: enchant monster (bad)
  7727 | D:8      | XOM: scenery: 1 doors open
  7762 | D:8      | XOM: 1-stop teleportation journey
  7796 | D:8      | Found a runed translucent gate.
  7820 | D:8      | Noticed AverageBear's ghost (novice DsFi)
  7831 | D:8      | XOM: god gift: quarterstaff {god gift}
  7877 | D:8      | Reached XP level 10. HP: 61/71 MP: 10/10
  7896 | D:8      | Found a staircase to the Lair.
  7937 | D:8      | Found a runed translucent gate.
  7938 | D:8      | Found a runed translucent gate.
  7972 | D:8      | Reached skill level 13 in Polearms
  8116 | D:8      | Learned a level 1 spell: Necrotise
  8135 | D:8      | Reached skill level 1 in Spellcasting
  8170 | D:8      | XOM: blink monster(s)
  8264 | D:8      | XOM: 5-stop teleportation journey
  8733 | D:8      | XOM: god gift: phial of floods
  8872 | D:9      | Reached skill level 1 in Necromancy
  8909 | D:9      | Noticed a two-headed ogre
  8978 | D:9      | Killed a two-headed ogre
  8983 | D:9      | XOM: 6-stop teleportation journey
  9005 | D:9      | Reached skill level 1 in Evocations
  9049 | D:9      | Found a staircase to the Orcish Mines.
  9087 | D:9      | Reached skill level 10 in Dodging
  9370 | D:9      | XOM: scenery: summon butterflies
  9467 | D:10     | Entered Level 10 of the Dungeon
  9486 | D:10     | XOM: polymorph orc warrior -> scorpion
  9652 | D:10     | XOM: scenery: 2 doors open, 1 doors close
  9666 | D:10     | Noticed a gargoyle
  9666 | D:10     | XOM: polymorph basilisk -> rime drake
  9667 | D:10     | Noticed a catoblepas
  9667 | D:10     | Found the +6 shillelagh "Devastator" {shatter}
  9680 | D:10     | XOM: smoke on damage
  9681 | D:10     | XOM: enchant monster (good)
  9712 | Orc:1    | Entered Level 1 of the Orcish Mines
  9716 | Orc:1    | Noticed an orc knight
  9958 | D:10     | XOM: stat loss: -1 Int (17/18)
  9987 | D:9      | Demolished by a catoblepas

Illustrated notes

Levels and vault maps discovered:
D:1:      dpeg_arrival_solitude, layout_basic,
          dreamdust_ecumenical_altar_angels_and_demons
D:2:      minmay_roachtagon, layout_basic, kennysheep_another_room,
          kennysheep_generic_room_7
D:3:      layout_basic, serial_shops, shop, st_stairs_12
D:4:      layout_rooms, uniq_crazy_yiuf_cottage
D:5:      layout_layer_cave, minmay_temple_entry_overgrown,
          gup_sewer_entry_bowl, hangedman_decor_points, grunt_ministairs_14,
          uniq_ijyb, uniq_menkaure
D:6:      layout_loops_ring, gammafunk_temple_overflow_pools,
          grunt_gozag_statues
D:7:      dreamdust_elfheim, layout_cave_pools, nicolae_overflow_crystal_walls,
          mainiacjoe_overflow_tiny_flanked, uniq_joseph
D:8:      layout_basic, lair_entry_dummy, gammafunk_ghost_icy
D:9:      layout_rooms, moated_statue
D:10:     minmay_roctagon, layout_irregular_city, nemelex_spade_bored_becter
Orc:1:    layout_caves

Skill      XL: |  1  2  3  4  5  6  7  8  9 10 |
---------------+-------------------------------+-----
Dodging        | 3 4 5 8 10 | 10.6
Fighting       | 4 |  4.0
Polearms       | 5 6 8 10 12 13 | 13.8
Armour         | 1 2 3 |  3.0
Shields        | 1 2 3 5 6 7 |  7.1
Stealth        | 1 |  1.0
Spellcasting   | 2 |  2.0
Necromancy     | 2 |  2.0
Evocations     | 1 |  1.9

Action                   |  1- 3 |  4- 6 |  7- 9 | 10-12 || total
-------------------------+-------+-------+-------+-------++-------
Melee: Spear             |   108 |   137 |   344 |   283 ||   872
       Punch             |       |     4 |     1 |     2 ||     7
       Tailslap          |       |       |     1 |     1 ||     2
 Cast: Necrotise         |       |       |       |     9 ||     9
Evoke: Wand              |       |       |       |    13 ||    13
       Piece from Xom's  |       |       |       |     1 ||     1
  Use: Potion            |       |     7 |     3 |     3 ||    13
       Scroll            |       |       |       |     2 ||     2
 Stab: Sleeping          |       |     1 |     3 |     2 ||     6
       Confused          |       |       |     2 |     2 ||     4
       Paralysed         |       |       |     1 |       ||     1
       Petrified         |       |       |     9 |       ||     9
       Distracted        |       |       |     1 |     1 ||     2
Armor: Chain mail        |    44 |    61 |     5 |       ||   110
       Robe              |       |       |    39 |    24 ||    63
Dodge: Dodged            |    18 |    32 |   117 |   144 ||   311
Block: Tower shield      |       |       |       |   112 ||   112
